 Dungeon Crawl Stone Soup version 0.18.1-8-gdd0e5ea (webtiles) character file.

13837 Shtopit the Blocker (level 12, 0/94 HPs)
             Began as a Formicid Fighter on June 1, 2016.
             Was the Champion of Pakellas.
             Slain by a catoblepas (11 damage)
             ... on level 3 of the Lair of Beasts.
             The game lasted 00:56:25 (13873 turns).

Shtopit the Blocker (Formicid Fighter)             Turns: 13873, Time: 00:56:27

Health: 0/94       AC: 17    Str: 30    XL:     12   Next: 37%
Magic:  18/18      EV:  5    Int:  9    God:    Pakellas [******]
Gold:   487        SH:  0    Dex: 10    Spells: 1 memorised, 10 levels left

rFire  . . .     SeeInvis +     x - +0 great sword (slice)
rCold  . . .     Gourm    .     F - +0 plate armour
rNeg   + . .     Faith    .     c - +0 shield
rPois  +         Spirit   .     (helmet unavailable)
rElec  .         Dismiss  .     U - +0 cloak
rCorr  .         Reflect  .     (no gloves)
SustAt .         Harm     .     P - +1 pair of boots
MR     ++...                    H - amulet of regeneration
Stlth  ..........               E - +3 ring of strength
                                Q - ring of positive energy

@: petrifying, very slow, very resistant to hostile enchantments, extremely
unstealthy
A: permanent stasis, dig shafts and tunnels, four strong arms, antennae 3,
clever 1, magic resistance 1, poison resistance, slow regeneration 1, wild magic
1
a: Dig, Shaft Self, Quick Charge, Device Surge, Supercharge, Renounce Religion


You were on level 3 of the Lair of Beasts.
You worshipped Pakellas.
Pakellas was exalted by your worship.
You were hungry.

You visited 2 branches of the dungeon, and saw 15 of its levels.

You collected 785 gold pieces.
You spent 298 gold pieces at shops.

Inventory:

Hand Weapons
 b - a +0 arbalest
 x - a +0 great sword of slicing (weapon)
 Y - a +0 falchion of flaming
Missiles
 q - 16 curare-tipped needles
 u - 41 bolts
 v - 29 poisoned needles
Armour
 c - a +0 shield (worn)
 F - a +0 plate armour (worn)
 P - a +1 pair of boots (worn)
 S - a +0 ice dragon armour
 U - a +0 cloak (worn)
Rods
 j - a +7 rod of shadows (4/9)
   (Pakellas gifted it to you on level 9 of the Dungeon)
Jewellery
 m - an uncursed ring of resist corrosion
 p - a +4 ring of protection
 t - an uncursed ring of wizardry
 E - a +3 ring of strength (right hand)
 H - an amulet of regeneration (around neck)
 J - an uncursed ring of sustain attributes
 M - an uncursed ring of protection from magic
 N - an uncursed amulet of dismissal
 Q - a ring of positive energy (left hand)
Wands
 a - a wand of enslavement (9/24)
 i - a wand of teleportation (4/9)
 s - a wand of paralysis (16/24)
 z - a wand of acid (5/15)
 B - a wand of polymorph (11/24)
 D - a wand of lightning (6/15)
 G - a wand of paralysis (5/24)
 O - a wand of lightning (9/15)
 W - a wand of slowing (17/48)
Scrolls
 n - 7 scrolls of remove curse
 o - 3 scrolls of fear
 r - 4 scrolls of enchant weapon
 w - 3 scrolls of amnesia
 y - 7 scrolls of magic mapping
 C - 3 scrolls of recharging
 L - a scroll of fog
 R - a scroll of immolation
 Z - 2 scrolls of identify
Potions
 d - a potion of might
 e - 3 potions of magic
 k - 6 potions of curing
 T - a potion of cancellation
Miscellaneous
 l - a box of beasts
 I - a plain deck of changes
 K - a disc of storms
 V - a fan of gales
Comestibles
 f - 6 bread rations
 g - 13 meat rations
 h - 23 fruits
 A - 11 chunks of flesh
 X - 2 slices of pizza


   Skills:
 + Level 8.3 Fighting
 + Level 9.1 Long Blades
 + Level 2.0 Crossbows
 + Level 8.3 Armour
 + Level 6.7 Dodging
 - Level 0.3 Stealth
 + Level 10.6 Shields
 * Level 8.9 Evocations


You had 10 spell levels left.
You knew the following spells:

 Your Spells              Type           Power        Failure   Level  Hunger
a - Apportation           Tloc           #.........   100%        1    ##.....


Dungeon Overview and Level Annotations

Branches:
Dungeon (12/15)            Temple (0/1) D:5            Lair (3/8) D:8
    Orc (0/2) D:9
  Swamp: Lair:3-6    Shoals: Lair:3-6     Snake: Lair:3-6    Spider: Lair:3-6

Altars:
Cheibriados
Elyvilon
Fedhas
Gozag
Kikubaaqudgha
Makhleb
Nemelex Xobeh
Okawaru
Pakellas
Qazlal
Sif Muna
Trog
Yredelemnul
The Shining One
Beogh

Shops:
D:8 (*


Innate Abilities, Weirdness & Mutations

You are under a permanent stasis effect.
You can dig through walls and to a lower floor.
Your four strong arms can wield two-handed weapons with a shield.
You have a pair of large antennae on your head (SInv).
Your mind is acute. (Int +2)
You are resistant to hostile enchantments.
Your system is resistant to poisons.
You regenerate slowly when monsters are visible.
Your spells are a little harder to cast, but a little more powerful.


Message History

Your jelly hits the catoblepas but does no damage.
The catoblepas gores you!
* * * LOW HITPOINT WARNING * * *
You block the water moccasin's attack.
Drink which item? (? for menu, Esc to quit)
Okay, then.
Are you sure you want to shaft yourself?
You are feeling hungry.
You block the water moccasin's attack.
Your jelly hits the catoblepas but does no damage.
The catoblepas breathes a plume of calcifying dust at you.
The blast of calcifying dust hits you!
You begin to dig a shaft.
You continue digging a shaft.
You are engulfed in calcifying dust.
You are slowing down.
The water moccasin barely misses you.
Your jelly hits the catoblepas but does no damage.
The catoblepas gores you!
You die...
Pakellas says: Time to start the next experiment...

. .P#.....<.##....#...
... ..........#....#....
...# ..........#...##...
#.#. #... ........#....
.###..###.###.P......##.#
........#..##.#.....##P..
.........J...............
.......SY................
........@§...............
........#P§...##...##.##'
........#.P§#>#.#..### #.
###.........§......# ###.
#.......P..§.##..# #)..
........P.....##..##....
.......P.P.....#..###...
.#.....#......##..###...
.#..#...#...#....


You could see a catoblepas, a water moccasin and a friendly jelly.

Vanquished Creatures
  A hydra (D:8)
  4 lindwurms (Lair:2)
  Maurice (D:12)
  A spiny frog (Lair:1)
  A rime drake (Lair:2)
  3 komodo dragons
  A polar bear (Lair:3)
  2 wyverns (D:12)
  18 yaks
  A basilisk (Lair:1)
  Eustachio (D:4)
  2 hippogriffs
  A hungry ghost (D:8)
  2 water moccasins (Lair:1)
  4 porcupines (Lair:1)
  A sky beast (D:9)
  2 ice beasts
  6 orc warriors
  A necrophage (D:7)
  A phantom (D:7)
  The ghost of deorigin the Changer, an amateur NaTm (D:4)
  2 ogres
  7 centaurs
  A centaur (shapeshifter) (D:9)
  2 crocodiles (Lair:2)
  6 giant frogs
  2 elf zombies (D:7)
  5 big kobolds
  A scorpion (D:5)
  A wyvern skeleton (D:10)
  A troll zombie (D:7)
  2 electric eels
  6 crimson imps
  A giant frog zombie (D:5)
  3 jellies
  2 hounds
  5 human zombies (D:7)
  6 orc priests
  Jessica (D:2)
  3 iguanas
  6 worker ants
  5 orc wizards
  An ogre zombie (D:7)
  2 sheep (D:8)
  2 hound zombies
  2 mummies (D:7)
  11 adders
  21 river rats (Lair:2)
  2 shadow imps
  An ooze (D:2)
  3 worms
  6 giant geckos
  51 orcs
  3 giant cockroaches
  5 hobgoblins
  7 jackals
  4 quokkas
  A ball python skeleton (D:5)
  4 bats
  5 giant newts
  9 goblins
  20 kobolds
  An orc zombie (D:7)
  A quokka skeleton (D:4)
  9 rats
  A spectral orc (D:5)
  2 fungi (Lair:2)
  2 plants (Lair:2)
299 creatures vanquished.

Vanquished Creatures (collateral kills)
  Sonja (Lair:1)
  A water nymph (D:10)
2 creatures vanquished.

Vanquished Creatures (others)
  A hungry ghost (D:2)
  A sky beast (D:8)
  A fungus (Lair:2)
3 creatures vanquished.

Grand Total: 304 creatures vanquished

Notes
Turn   | Place    | Note
--------------------------------------------------------------
     0 | D:1      | Shtopit the Formicid Fighter began the quest for the Orb.
     0 | D:1      | Reached XP level 1. HP: 18/18 MP: 1/1
   122 | D:1      | Reached XP level 2. HP: 20/24 MP: 2/2
   507 | D:1      | Reached skill level 4 in Shields
   806 | D:2      | Reached XP level 3. HP: 22/29 MP: 3/3
  1001 | D:2      | Reached skill level 1 in Dodging
  1273 | D:2      | Found an oddly glowing altar of Pakellas.
  1273 | D:2      | Noticed a hungry ghost
  1283 | D:2      | Killed a hungry ghost
  1289 | D:2      | Became a worshipper of Pakellas the Inventive
  1336 | D:2      | Reached XP level 4. HP: 35/35 MP: 4/4
  1503 | D:2      | Found an iron altar of Okawaru.
  1525 | D:2      | Noticed Jessica
  1534 | D:2      | Killed Jessica
  1843 | D:3      | Found an opulent altar of Gozag.
  1862 | D:3      | Reached XP level 5. HP: 35/42 MP: 5/5
  1954 | D:3      | Noticed an ice beast
  1975 | D:3      | Killed an ice beast
  1975 | D:3      | Reached skill level 5 in Shields
  1975 | D:3      | Reached XP level 6. HP: 27/48 MP: 6/6
  2465 | D:3      | Reached * piety under Pakellas
  2465 | D:3      | Received a gift from Pakellas
  2652 | D:3      | Found a sparkling altar of Nemelex Xobeh.
  2652 | D:3      | Found a deep blue altar of Sif Muna.
  2782 | D:3      | Found a glowing golden altar of the Shining One.
  2928 | D:4      | Noticed Eustachio
  2935 | D:4      | Killed Eustachio
  2935 | D:4      | Reached skill level 1 in Evocations
  2935 | D:4      | Reached XP level 7. HP: 49/54 MP: 2/7
  3200 | D:4      | Noticed deorigin's ghost (amateur NaTm)
  3254 | D:4      | Killed deorigin's ghost
  4044 | D:4      | Found a sparkling altar of Nemelex Xobeh.
  4449 | D:5      | Entered Level 5 of the Dungeon
  4700 | D:5      | Reached skill level 5 in Armour
  4727 | D:5      | Reached skill level 6 in Shields
  4765 | D:5      | Reached XP level 8. HP: 58/61 MP: 9/9
  5005 | D:5      | Found a basalt altar of Yredelemnul.
  5302 | D:5      | Found a staircase to the Ecumenical Temple.
  5421 | D:6      | Found a bloodstained altar of Trog.
  5445 | D:6      | Reached ** piety under Pakellas
  5445 | D:6      | Received a gift from Pakellas
  5586 | D:6      | Found a snail-covered altar of Cheibriados.
  6811 | D:7      | Found a stormy altar of Qazlal.
  6919 | D:7      | Reached skill level 5 in Fighting
  6919 | D:7      | Reached XP level 9. HP: 68/68 MP: 11/11
  7036 | D:7      | Reached skill level 7 in Shields
  7086 | D:7      | Reached *** piety under Pakellas
  7086 | D:7      | Received a gift from Pakellas
  7093 | D:7      | Reached skill level 5 in Long Blades
  7182 | D:7      | Found an ancient bone altar of Kikubaaqudgha.
  7715 | D:8      | Found Kian's General Store.
  7722 | D:8      | Bought a scroll of magic mapping for 52 gold pieces
  7722 | D:8      | Bought 2 potions of curing for 90 gold pieces
  7937 | D:8      | Reached **** piety under Pakellas
  7937 | D:8      | Received a gift from Pakellas
  7948 | D:8      | Found a blossoming altar of Fedhas.
  8221 | D:8      | Found a staircase to the Lair.
  8223 | D:8      | Found Esujiwy's Antique Weapon Shoppe.
  8250 | D:8      | Bought a great sword for 156 gold pieces
  8452 | D:8      | Reached skill level 8 in Shields
  8452 | D:8      | Reached skill level 5 in Evocations
  8461 | D:8      | Reached XP level 10. HP: 63/76 MP: 9/13
  8509 | D:8      | Noticed a two-headed hydra
  8520 | D:8      | Killed a one-headed hydra
  8520 | D:8      | Reached skill level 5 in Dodging
  8971 | D:9      | Found a roughly hewn altar of Beogh.
  9148 | D:9      | Gained mutation: Your mind is acute. (Int +2) [potion of beneficial mutation]
  9177 | D:9      | Reached ***** piety under Pakellas
  9177 | D:9      | Received a gift from Pakellas
  9208 | D:9      | Noticed a cyclops
  9209 | D:9      | Found a staircase to the Orcish Mines.
  9211 | D:9      | Noticed a glowing shapeshifter
  9211 | D:9      | a cyclops changed into a glowing shapeshifter
  9212 | D:9      | Noticed a faun
  9212 | D:9      | a glowing shapeshifter changed into a faun
  9213 | D:9      | Noticed a mana viper
  9213 | D:9      | a faun changed into a mana viper
  9219 | D:9      | Noticed a harpy
  9219 | D:9      | a mana viper changed into a harpy
  9225 | D:9      | Noticed an unseen horror
  9225 | D:9      | a harpy changed into an unseen horror
  9229 | D:9      | an unseen horror changed into a hippogriff
  9470 | D:9      | Reached XP level 11. HP: 82/83 MP: 15/15
  9550 | D:9      | Found a white marble altar of Elyvilon.
  9732 | D:9      | Found a burning altar of Makhleb.
  9853 | D:9      | Reached skill level 9 in Shields
  9968 | D:10     | Entered Level 10 of the Dungeon
 10403 | D:10     | Gained mutation: You are resistant to hostile enchantments. [potion of mutation]
 10403 | D:10     | Gained mutation: You regenerate slowly when monsters are visible. [potion of mutation]
 10403 | D:10     | Gained mutation: Your spells are a little harder to cast, but a little more powerful. [potion of mutation]
 10700 | D:10     | Noticed a hill giant
 10705 | D:10     | a hill giant changed into a water nymph
 10713 | D:10     | Noticed a hill giant
 10733 | D:10     | You fall through a shaft for 2 floors!
 10870 | D:12     | Noticed Maurice
 10887 | D:12     | Killed Maurice
 11169 | D:11     | Identified a +7 rod of shadows (9/9) (Pakellas gifted it to you on level 9 of the Dungeon)
 11426 | Lair:1   | Entered Level 1 of the Lair of Beasts
 11463 | Lair:1   | HP: 4/84 [electric eel/bolt of electricity (5)]
 11872 | Lair:1   | HP: 4/84 [poisoned by a spiny frog]
 12175 | Lair:1   | Noticed Sonja
 12188 | Lair:1   | Killed Sonja
 12532 | Lair:1   | Reached skill level 10 in Shields
 12859 | Lair:2   | Noticed a lindwurm
 12915 | Lair:2   | Noticed a lindwurm
 13010 | Lair:2   | Reached XP level 12. HP: 83/92 MP: 18/18
 13626 | Lair:2   | Gained mutation: Your system is resistant to poisons. [potion of beneficial mutation]
 13695 | Lair:3   | Reached skill level 1 in Crossbows
 13703 | Lair:3   | Reached ****** piety under Pakellas
 13798 | Lair:3   | Learned a level 1 spell: Apportation
 13847 | Lair:3   | Noticed a catoblepas
 13873 | Lair:3   | Slain by a catoblepas

Skill      XL: |  1  2  3  4  5  6  7  8  9 10 11 12 |
---------------+-------------------------------------+-----
Shields        | 4 5 6 8 10 | 10.6
Dodging        | 1 2 3 4 5 6 |  6.7
Armour         | 4 5 6 7 8 |  8.3
Fighting       | 4 5 6 7 8 |  8.3
Long Blades    | 3 4 6 7 8 9 |  9.1
Evocations     | 1 2 3 5 6 8 |  8.9
Crossbows      | 2 |  2.0
Stealth        | |  0.3

Action                   |  1- 3 |  4- 6 |  7- 9 | 10-12 || total
-------------------------+-------+-------+-------+-------++-------
Melee: Long sword        |   140 |   110 |   219 |       ||   469
       Scimitar          |       |       |   353 |       ||   353
       Great sword       |       |       |    42 |   582 ||   624
       Falchion          |       |       |       |    12 ||    12
 Fire: Arbalest          |       |       |     6 |    40 ||    46
Invok: Quick Charge      |       |     1 |     3 |       ||     4
 Abil: Dig               |       |       |       |     4 ||     4
       Shaft Self        |       |       |       |     2 ||     2
Evoke: Wand              |       |     4 |     6 |    11 ||    21
       Rod               |       |       |       |     2 ||     2
  Use: Scroll            |       |       |     9 |     8 ||    17
       Potion            |       |       |       |    14 ||    14
  Eat: Chunk             |     1 |     5 |    14 |    15 ||    35
       Beef jerky        |       |       |     3 |       ||     3
       Fruit             |       |       |     2 |       ||     2
       Pizza             |       |       |       |     4 ||     4
Armor: Scale mail        |    55 |    52 |    46 |       ||   153
       Ice dragon armour |       |       |   182 |   191 ||   373
       Plate armour      |       |       |       |    76 ||    76
Dodge: Dodged            |    48 |    53 |   223 |   325 ||   649
Block: Shield            |    80 |    81 |   323 |   432 ||   916
